 Dungeon Crawl Stone Soup version 0.29.1-15-g9cfb28693d (webtiles) character file.

Game seed: 7189857622007993102

44 safid the Chiller (level 3, -1/27 HPs)
             Began as a Merfolk Ice Elementalist on Apr 14, 2023.
             Frozen to death by an endoplasm (5 damage)
             ... on level 2 of the Dungeon.
             The game lasted 00:03:31 (2117 turns).

safid the Chiller (Merfolk Ice Elementalist)        Turns: 2117, Time: 00:03:32

Health: -1/27      AC:  3    Str:  8    XL:     3   Next: 60%
Magic:  0/6        EV: 12    Int: 16    God:
Gold:   121        SH:  0    Dex: 14    Spells: 0/7 levels left

rFire   . . .      SeeInvis .   d - +0 dagger
rCold   . . .      Faith    .   (no shield)
rNeg    . . .      Spirit   .   a - +0 robe
rPois   .          Reflect  .   (no helmet)
rElec   .          Harm     .   j - +0 cloak
rCorr   .          Rampage  .   (no gloves)
Will    .....                   (no boots)
Stlth   ++........              (no amulet)
HPRegen 0.09/turn               (no ring)
MPRegen 0.10/turn               (no ring)

@: no status effects
A: (nimble swimmer 2), mertail
a: no special abilities


You were on level 2 of the Dungeon.
You visited 1 branch of the dungeon, and saw 2 of its levels.

You collected 121 gold pieces.

Inventory:

Hand Weapons
 d - a +0 dagger (weapon)
Armour
 a - a +0 robe (worn)
 j - a +0 cloak (worn)
Scrolls
 f - 2 scrolls of teleportation {unknown}
 g - a scroll of noise {unknown}
 h - a scroll of immolation {unknown}
 k - 2 scrolls of identify {unknown}
 m - a scroll of torment {unknown}
 n - 2 scrolls of blinking {unknown}
 p - a scroll of enchant weapon {unknown}
Potions
 b - a potion of magic
 c - a potion of haste {unknown}
 e - a potion of mutation {unknown}
 i - a potion of lignification {unknown}
 l - a potion of attraction {unknown}
 o - 2 potions of brilliance {unknown}


   Skills:
 + Level 1.7 Fighting
 - Level 2.6 Dodging
 - Level 2.1 Stealth
 + Level 2.6 Spellcasting
 + Level 4.9 Ice Magic


You couldn't memorise any spells.
You knew the following spells:

 Your Spells              Type           Power      Damage    Failure   Level
a - Freeze                Ice            68%        1d8       2%          1
b - Frozen Ramparts       Ice            34%        1d6       8%          3
c - Ozocubu's Armour      Ice            17%        N/A       8%          3

Your spell library contained the following spells:

 Spells                   Type           Power      Damage    Failure   Level
 Hailstorm                Conj/Ice       9%         3d4       56%         4


Dungeon Overview and Level Annotations

Branches:
Dungeon (2/15)

Altars:

Shops:
D:2 (


Innate Abilities, Weirdness & Mutations

((You are very nimble when in or above water. (Stealth+, EV+, Speed+++)))
Your lower body shifts to a powerful aquatic tail in water.


Message History

You freeze the adder.
The adder is lightly wounded.
The adder bites you but does no damage. x2
Unknown command.
Casting: Freeze (safe; 2% risk of failure)
Confirm with . or Enter, or press ? or * to list all spells.
Aiming: Freeze (safe; 2% risk of failure)
Press: ? - help, Shift-Dir - straight line, f/p - adder
Aim: an adder (lightly wounded)
You freeze the adder.
The adder is severely wounded.
The adder seems to slow down.
Unknown command.
You hit the adder.
The adder is almost dead.
The adder bites you but does no damage. The endoplasm freezes you.
You are frozen.
You hit the adder.
You kill the adder!
The endoplasm freezes you.
You are frozen.
* * * LOW HITPOINT WARNING * * *
You hit the endoplasm.
The endoplasm is moderately wounded.
The endoplasm closely misses you.
You completely miss the endoplasm.
The endoplasm is moderately wounded.
The endoplasm hits you.
* * * LOW HITPOINT WARNING * * *
Casting: Freeze (safe; 2% risk of failure)
Confirm with . or Enter, or press ? or * to list all spells.
Aiming: Freeze (safe; 2% risk of failure)
Press: ? - help, Shift-Dir - straight line, f - endoplasm
Aim: an endoplasm (moderately wounded)
You freeze the endoplasm.
The endoplasm is heavily wounded.
The endoplasm freezes you.
You are frozen.
You die...

.. ...##### . .####.#
##.#.....# .
.......#.(#...?.. # .
...##.#.#)##.#..#.# .. .
#.......#.##$#.##.#.# .♣
#...#.#..#..#..[....##.
.###.....#.#.##.#.........
.......###......J.####..g.
...)...#........@## .
.......#.........### #.
..............##(..###!..
.......#......##.#.$...#
.......####.........###
#.###### #####.....## #.#
###..##.:.##### #÷###
###...###..##...## #...#
##...### ##.#..?..####


You could see an endoplasm.

Vanquished Creatures
  An adder (D:2)
  A worm (D:2)
  2 ball pythons
  2 endoplasms (D:1)
  2 giant cockroaches (D:2)
  4 goblins
  3 hobgoblins
  3 jackals
  3 kobolds
  3 quokkas
  A frilled lizard (D:1)
  3 rats
28 creatures vanquished.

Notes
Turn   | Place    | Note
-------+----------+-------------------------------------------
     0 | D:1      | safid the Merfolk Ice Elementalist began the quest for the
                  | Orb.
     0 | D:1      | Reached XP level 1. HP: 13/13 MP: 3/3
     6 | D:1      | Noticed a swamp drake
     6 | D:1      | Noticed a water moccasin
     7 | D:1      | Noticed a black bear
   456 | D:1      | Reached XP level 2. HP: 2/20 MP: 0/5
   767 | D:1      | Reached skill level 1 in Fighting
  1162 | D:1      | Found a faded altar of an unknown god.
  1692 | D:2      | Found Veymel's Weapon Shop.
  1701 | D:2      | Reached XP level 3. HP: 11/26 MP: 2/6
  2056 | D:2      | Learned a level 3 spell: Frozen Ramparts
  2060 | D:2      | Learned a level 3 spell: Ozocubu's Armour
  2117 | D:2      | Frozen to death by an endoplasm

Illustrated notes

Levels and vault maps discovered:
D:1:      onia_arrival_zoo_common, layout_basic,
          hellmonk_ecumenical_altar_inner_sanctum
D:2:      layout_rooms, basic_altar, serial_shops,
          nicolae_shop_bloodbath_and_beyond, minmay_tree_intersection,
          minmay_small_reverse_x

Skill      XL: |  1  2 |
---------------+-------+-----
Fighting       | 1 |  1.7
Dodging        | |  2.6
Stealth        | |  2.1
Spellcasting   | |  2.6
Ice Magic      | |  4.9

Action                   || total
-------------------------++-------
Melee: Dagger            ||    49
 Cast: Freeze            ||    48
 Stab: Sleeping          ||     3
Armor: Robe              ||    20
Dodge: Dodged            ||    63
